 Dungeon Crawl Stone Soup version 0.29-a0-477-g62b78b4225 (webtiles) character file.

Game seed: 3199191012610617542

5465 Sobieck the Grappler (level 10, -3/90 HPs)
             Began as a Ghoul Monk on May 24, 2022.
             Was a Priest of Ru.
             Slain by a two-headed ogre
             ... wielding a +0 giant spiked club
              (18 damage)
             ... on level 10 of the Dungeon.
             The game lasted 00:23:46 (11806 turns).

Sobieck the Grappler (Ghoul Monk)                  Turns: 11806, Time: 00:23:47

Health: -3/90      AC: 13    Str: 20    XL:     10   Next: 69%
Magic:  9/9        EV: 11    Int:  5    God:    Ru [***...]
Gold:   604        SH:  5    Dex: 17    Spells: 9/9 levels left

rFire   . . .      SeeInvis .     - Unarmed
rCold   + + .      Faith    .   u - +0 buckler
rNeg    + + +      Spirit   .   e - +2 chain mail {rN+}
rPois   ∞          Reflect  .   (no helmet)
rElec   .          Harm     .   K - +0 cloak {rCorr}
rCorr   +          Rampage  .   (no gloves)
Will    .....                   (no boots)
Stlth   ..........              (no amulet)
HPRegen 0.00/turn               j - ring of protection from cold
MPRegen 0.11/turn               x - +6 ring of dexterity

@: inhibited regen, unable to read
A: claws 1, cold resistance 1, negative energy resistance 3, inhibited
regeneration, torment resistance 2, inability to read while threatened,
weak-willed 1, devour on kill
a: Renounce Religion, Draw Out Power


You were on level 10 of the Dungeon.
You worshipped Ru.
Ru was most pleased with you.
You visited 2 branches of the dungeon, and saw 11 of its levels.

You collected 604 gold pieces.


Innate Abilities, Weirdness & Mutations

You are immune to poison.
You have sharp fingernails.
Your flesh is cold resistant. (rC+)
You are immune to negative energy. (rN+++)
You do not regenerate when monsters are visible.
You are immune to unholy pain and torment.
You sometimes lose the ability to read scrolls when taking damage.
You are slightly weak-willed. (Will-)
You thrive by killing the living.


   Skills:
 + Level 8.5 Fighting
 + Level 2.2 Slings
 + Level 6.5 Armour
 + Level 7.4 Dodging
 - Level 2.1 Stealth
 + Level 2.2 Shields
 * Level 9.2 Unarmed Combat
 + Level 2.1 Evocations


You had 9 spell levels left.
You didn't know any spells.
Your spell library contained the following spells:

 Spells                   Type           Power      Damage    Failure   Level
 Magic Dart               Conj           0%         1d3       99%         1
 Call Imp                 Summ           0%         N/A       100%        2
 Static Discharge         Conj/Air       0%         N/A       100%        2
 Gell's Gravitas          Tloc           0%         N/A       100%        3
 Mephitic Cloud           Conj/Pois/Air  0%         N/A       100%        3
 Ozocubu's Armour         Ice            0%         N/A       100%        3
 Teleport Other           Tloc           0%         N/A       100%        3
 Dispel Undead            Necr           0%         3d6       100%        4
 Sticky Flame             Conj/Fire      0%         2d3       100%        4
 Metabolic Englaciation   Hex/Ice        0%         N/A       100%        5
 Dispersal                Tloc           0%         N/A       100%        6
 Simulacrum               Ice/Necr       0%         N/A       100%        6

Inventory:

Hand Weapons
 b - a +0 hunting sling of venom {sling}
   (You found it on level 7 of the Dungeon)
Missiles
 a - 6 curare-tipped darts {=fthrowing}
 d - 39 poisoned darts {throwing}
 f - 241 stones {throwing}
 l - 3 throwing nets {=f!fthrowing}
 p - a boomerang (quivered) {throwing}
Armour
 e - a +2 chain mail of positive energy (worn)
   (You found it on level 1 of the Dungeon)
 u - a +0 buckler (worn)
   (You found it on level 10 of the Dungeon)
 y - a +2 kite shield
   (You found it on level 3 of the Dungeon)
 E - a +0 ring mail
   (You found it on level 4 of the Dungeon)
 F - a +0 chain mail
   (You found it on level 8 of the Dungeon)
 G - a +0 leather armour
   (You took it off a goblin on level 4 of the Dungeon)
 I - a +0 robe
   (You found it on level 4 of the Dungeon)
 J - a +0 leather armour
   (You found it on level 4 of the Dungeon)
 K - a +0 cloak of preservation (worn)
   (You took it off Crazy Yiuf on level 4 of the Dungeon)
 M - a +0 leather armour
   (You found it on level 5 of the Dungeon)
 P - a +0 robe
   (You took it off an orc wizard on level 6 of the Dungeon)
 Q - a +0 robe
   (You took it off an orc wizard on level 6 of the Dungeon)
 R - a +0 robe
   (You took it off an orc wizard on level 6 of the Dungeon)
 S - a +0 robe
   (You took it off an orc wizard on level 6 of the Dungeon)
 T - a +0 robe
   (You took it off a wight on level 6 of the Dungeon)
 U - a +0 leather armour
   (You took it off an orc on level 6 of the Dungeon)
 V - a +0 robe
   (You took it off a wight on level 6 of the Dungeon)
 W - a +0 robe
   (You took it off a wight on level 6 of the Dungeon)
 X - a +0 robe
   (You took it off a wight on level 6 of the Dungeon)
 Z - a +0 leather armour
   (You found it on level 6 of the Dungeon)
Jewellery
 j - a ring of protection from cold (left claw)
   (You found it on level 1 of the Dungeon)
 n - an amulet of faith {!P}
   (You found it on level 2 of the Dungeon)
 x - a +6 ring of dexterity (right claw)
   (You found it on level 3 of the Dungeon)
 H - a ring of flight
   (You found it on level 4 of the Dungeon)
Wands
 h - a wand of iceblast (6)
   (You found it on level 7 of the Dungeon)
 k - a wand of flame (12)
   (You found it on level 8 of the Dungeon)
 s - a wand of mindburst (19)
   (You found it on level 7 of the Dungeon)
 A - a wand of acid (2)
   (You found it on level 10 of the Dungeon)
 C - a wand of polymorph (10)
   (You took it off Pikel on level 4 of the Dungeon)
 Y - a wand of paralysis (6)
   (You found it on level 6 of the Dungeon)
Scrolls
 o - 2 scrolls of identify {@r1}
 q - a scroll of poison
 t - 2 scrolls of teleportation {@r4}
 D - a scroll of acquirement {unknown}
 O - 5 scrolls of magic mapping {!r}
Potions
 c - 2 potions of magic
 g - 5 potions of curing {@q1}
 i - a potion of attraction {unknown}
 m - 2 potions of haste {unknown}
 r - 2 potions of degeneration {!q@e2}
 v - 2 potions of brilliance
 w - a potion of lignification {unknown}
 z - a potion of resistance
 B - a potion of might {unknown}
 L - a potion of berserk rage {unknown}
 N - 4 potions of ambrosia

Dungeon Overview and Level Annotations

Branches:
Dungeon (10/15)            Temple (1/1) D:5
   Lair: D:8-11         Orc: D:9-12

Altars:
Ashenzari
Cheibriados
Dithmenos
Elyvilon
Fedhas
Gozag
Hepliaklqana
Kikubaaqudgha
Makhleb
Nemelex Xobeh
Okawaru
Qazlal
Ru
Sif Muna
Trog
Uskayaw
Vehumet
Wu Jian
Xom
Yredelemnul
Zin
The Shining One
Beogh

#...>...................##.
#..........................
#........[.............#..#
##.....................>...
##......................##
###....................##
###.#.#####............
#.#.## #............ #...@#
.........## ##.#O#
........... ..[#...
........... #........#
.........## #......[....
.........#
#........##...........#
#........# ...........#
##......## ..........##
...........


You could see a two-headed ogre.


Message History

You block the steam dragon's attack.
You claw the steam dragon! The steam dragon breathes steam at you.
The ball of steam misses you.
You claw the steam dragon!
You kill the steam dragon!
You feel better.
You are engulfed in a cloud of scalding steam.
No target in view!
No target in view!
Your +0 hunting sling of venom {sling} begins to drip with poison!
b - a +0 hunting sling of venom (weapon)
{sling} You are engulfed in a cloud of scalding steam.
You're standing in a cloud of steam!
Danger!
You're standing in a cloud of steam!
Unknown command.
Unknown command.
Found two stone staircases leading up.
Unknown command.
f - 241 stones {throwing} (gained 18)
You now have 604 gold pieces (gained 21).
A centaur warrior simulacrum comes into view.
Danger!
You shoot a sling bullet.
The sling bullet barely misses the centaur warrior simulacrum.
You shoot a sling bullet.
The sling bullet completely misses the centaur warrior simulacrum.
You shoot a sling bullet.
The sling bullet hits the centaur warrior simulacrum!
The centaur warrior simulacrum closely misses you. x2
The centaur warrior simulacrum hits you.
The centaur warrior simulacrum freezes you!
You resist.
You block the centaur warrior simulacrum's attack.
Your +0 hunting sling of venom {sling} stops dripping with poison.
You are now empty-clawed.
You scratch the centaur warrior simulacrum but do no damage.
The centaur warrior simulacrum hits you but does no damage.
The centaur warrior simulacrum kicks you but does no damage.
You scratch the centaur warrior simulacrum.
The centaur warrior simulacrum completely misses you.
The centaur warrior simulacrum kicks you but does no damage.
The centaur warrior simulacrum hits you!
The centaur warrior simulacrum freezes you.
You resist.
The centaur warrior simulacrum closely misses you.
You are too injured to fight recklessly!
You are too injured to fight recklessly!
Unknown command.
You scratch the centaur warrior simulacrum.
The centaur warrior simulacrum barely misses you.
The centaur warrior simulacrum kicks you but does no damage.
You scratch the centaur warrior simulacrum.
The centaur warrior simulacrum is stunned by your conviction and fails to attack.
You mangle the centaur warrior simulacrum!!
Really walk into that cloud of freezing vapour?
Okay, then.
You start resting.
Unknown command.
Your +0 hunting sling of venom {sling} begins to drip with poison!
b - a +0 hunting sling of venom (weapon)
{sling}
g - 5 potions of curing {@q1} (gained 1)
Found a stone staircase leading down.
Unknown command.
A two-headed ogre comes into view.
It is wielding a +0 giant spiked club and a +0 giant club.
The two-headed ogre shouts in stereo!
Danger!
You shoot a sling bullet.
The sling bullet hits the two-headed ogre but does no damage.
You shoot a sling bullet.
The sling bullet barely misses the two-headed ogre.
You shoot a sling bullet.
The sling bullet barely misses the two-headed ogre.
The two-headed ogre barely misses you.
The two-headed ogre hits you with a +0 giant club!!
Your +0 hunting sling of venom {sling} stops dripping with poison.
You are now empty-clawed.
You claw the two-headed ogre!
The two-headed ogre hits you with a +0 giant spiked club!
The two-headed ogre barely misses you.
You are too injured to fight recklessly!
You are too injured to fight recklessly!
You scratch the two-headed ogre. You scratch the two-headed ogre.
The two-headed ogre closely misses you.
The two-headed ogre hits you with a +0 giant club!
You feel threatened and lose the ability to read scrolls!
You claw the two-headed ogre! You scratch the two-headed ogre.
The two-headed ogre hits you with a +0 giant spiked club!
* * * LOW HITPOINT WARNING * * *
The two-headed ogre hits you with a +0 giant club!
* * * LOW HITPOINT WARNING * * *
You scratch the two-headed ogre. You block the two-headed ogre's attack.
The two-headed ogre hits you with a +0 giant club!
* * * LOW HITPOINT WARNING * * *
Unknown command.
You claw the two-headed ogre! You scratch the two-headed ogre.
The two-headed ogre hits you with a +0 giant spiked club!!
You die...

Skill      XL: |  1  2  3  4  5  6  7  8  9 10 |
---------------+-------------------------------+-----
Fighting       | 4 5 6 8 |  8.5
Armour         | 1 2 3 4 6 |  6.5
Dodging        | 3 4 5 7 |  7.4
Unarmed Combat | 4 5 7 8 9 |  9.2
Slings         | 2 |  2.2
Shields        | 2 |  2.2
Evocations     | 2 |  2.1
Stealth        | |  2.1

Action                   |  1- 3 |  4- 6 |  7- 9 | 10-12 || total
-------------------------+-------+-------+-------+-------++-------
Melee: Unarmed           |    81 |   159 |   344 |   140 ||   724
       Punch             |     1 |     5 |    16 |     7 ||    29
 Fire: Hunting sling     |       |       |    22 |    51 ||    73
Throw: Stone             |    19 |    24 |       |       ||    43
       Boomerang         |       |       |    36 |       ||    36
Invok: Sacrifice Words   |       |       |     1 |       ||     1
       Sacrifice Essence |       |       |       |     1 ||     1
  Use: Potion            |       |     1 |     4 |     1 ||     6
       Scroll            |       |       |    12 |     1 ||    13
 Stab: Sleeping          |     2 |       |       |       ||     2
Armor: Robe              |    10 |       |       |       ||    10
       Chain mail        |    34 |    77 |   199 |   135 ||   445
Dodge: Dodged            |    50 |    67 |   119 |    92 ||   328
Block: Buckler           |       |       |       |     3 ||     3

Levels and vault maps discovered:
D:1:      lightli_arrival_flooded_house, layout_loops_ring,
          dreamdust_ecumenical_altar_grove, grunt_decor_mini_mirrors,
          corner_web_ring, st_stairs_3
D:2:      layout_basic, chequers_serial_rivers_micro_c,
          corexii_leaking_fountain, minmay_crystal_room, uniq_sigmund
D:3:      layout_rooms, chequers_temple_overflow_statue_of_worship,
          minmay_misc_feat_cross, kennysheep_orc_chapel
D:4:      layout_loops_corners, uniq_crazy_yiuf_cottage, uniq_natasha,
          uniq_pikel
D:5:      layout_loops_corners, minmay_temple_entry_gardened_gates,
          kennysheep_generic_room_11
D:6:      layout_loops_ring, minmay_overflow_temple_star_hex,
          kennysheep_pointless_box, minmay_a_box_with_orc_wizards_in_it
D:7:      hellmonk_ruined_rings, layout_basic, overflow_temple_1_default,
          hex_tiny
D:8:      layout_rooms, elyvilon_altar_1, enter_bailey_3,
          mrwooster_statue_mirror
D:9:      layout_roguey
D:10:     layout_rooms, overflow_temple_1_default, david_orc_4
Temple:   minmay_temple_forest_path

Notes
Turn   | Place    | Note
-------+----------+-------------------------------------------
     0 | D:1      | Sobieck the Ghoul Monk began the quest for the Orb.
     0 | D:1      | Reached XP level 1. HP: 19/19 MP: 0/0
   259 | D:1      | Reached XP level 2. HP: 26/26 MP: 1/1
   312 | D:1      | You add the spells Gell's Gravitas, Teleport Other and
                  | Dispersal to your library.
   389 | D:1      | Found a faded altar of an unknown god.
  1068 | D:2      | Identified the +10 dagger of Kufi {flame, rPois rN+++
                  | Int-4}
  1097 | D:2      | Noticed Sigmund
  1110 | D:2      | Killed Sigmund
  1111 | D:2      | Reached skill level 4 in Fighting
  1111 | D:2      | Reached skill level 1 in Armour
  1111 | D:2      | Reached skill level 3 in Dodging
  1111 | D:2      | Reached skill level 4 in Unarmed Combat
  1111 | D:2      | Reached XP level 3. HP: 21/33 MP: 2/2
  1111 | D:2      | Reached XP level 4. HP: 26/40 MP: 3/3
  1111 | D:2      | Reached XP level 5. HP: 30/46 MP: 4/4
  1223 | D:2      | Reached skill level 5 in Unarmed Combat
  1558 | D:2      | Reached skill level 2 in Armour
  2025 | D:2      | Reached XP level 6. HP: 42/53 MP: 5/5
  2303 | D:3      | Found a basalt altar of Yredelemnul.
  2319 | D:3      | Found an opulent altar of Gozag.
  3181 | D:4      | Noticed Natasha
  3182 | D:4      | Noticed a black bear
  3207 | D:3      | Killed Natasha
  3207 | D:3      | Noticed Natasha
  3219 | D:3      | Killed a black bear
  3220 | D:3      | Reached XP level 7. HP: 21/60 MP: 6/6
  3227 | D:3      | Killed Natasha
  3228 | D:3      | Reached skill level 6 in Unarmed Combat
  3282 | D:3      | Noticed Natasha
  3288 | D:3      | Killed Natasha
  3289 | D:3      | Reached skill level 4 in Dodging
  3446 | D:4      | Noticed Pikel
  3470 | D:4      | Killed Pikel
  3471 | D:4      | Reached skill level 5 in Fighting
  3471 | D:4      | Reached skill level 3 in Armour
  3471 | D:4      | Reached skill level 7 in Unarmed Combat
  3471 | D:4      | Reached XP level 8. HP: 45/69 MP: 7/7
  4271 | D:4      | Found a runed translucent door.
  4272 | D:4      | Noticed Crazy Yiuf
  4279 | D:4      | Killed Crazy Yiuf
  4455 | D:5      | Entered Level 5 of the Dungeon
  4900 | D:5      | HP: 17/70 [ogre/+0 giant spiked club (5)]
  4905 | D:5      | Reached skill level 6 in Fighting
  5134 | D:5      | Identified the +1 leather armour of Pathos {rC+}
  5197 | D:5      | Reached skill level 4 in Armour
  5197 | D:5      | Reached skill level 5 in Dodging
  5286 | D:5      | Found a staircase to the Ecumenical Temple.
  5293 | Temple   | Entered the Ecumenical Temple
  5613 | Temple   | Became a worshipper of Ru the Awakened
  5623 | Temple   | Gained mutation: You sometimes lose the ability to read
                  | scrolls when taking damage. [Ru sacrifice]
  5623 | Temple   | Reached * piety under Ru
  5705 | D:5      | Reached skill level 8 in Unarmed Combat
  6115 | D:6      | Reached XP level 9. HP: 67/78 MP: 8/8
  6147 | D:6      | You pick up a book of Winter and begin reading...
  6147 | D:6      | You add the spells Ozocubu's Armour, Metabolic Englaciation
                  | and Simulacrum to your library.
  6361 | D:6      | Reached skill level 7 in Fighting
  6734 | D:6      | Reached skill level 5 in Armour
  6778 | D:6      | Found a hazy altar of Hepliaklqana.
  6785 | D:6      | Found an iron altar of Okawaru.
  6785 | D:6      | Found a hide-covered altar of Uskayaw.
  6809 | D:6      | Reached skill level 6 in Dodging
  6870 | D:6      | Found a snail-covered altar of Cheibriados.
  6873 | D:6      | Found a sparkling altar of Nemelex Xobeh.
  7931 | D:7      | Reached skill level 8 in Fighting
  8042 | D:7      | Reached skill level 6 in Armour
  8102 | D:7      | Reached skill level 7 in Dodging
  8612 | D:8      | Identified the +9 whip "Loceom" {speed, rElec Int+4}
  8646 | D:8      | HP: 18/81 [something (8)]
  8649 | D:8      | HP: 5/81 [something (8)]
  8678 | D:8      | HP: 20/81 [something (3)]
  8992 | D:8      | Reached XP level 10. HP: 86/88 MP: 9/9
  9056 | D:8      | Reached skill level 1 in Slings
  9596 | D:8      | Reached skill level 1 in Shields
  9596 | D:8      | Reached skill level 1 in Evocations
  9830 | D:8      | HP: 19/88 [something (6)]
  9842 | D:8      | HP: 21/88 [something (2)]
  9849 | D:8      | HP: 12/88 [something (3)]
 10365 | D:9      | Noticed a two-headed ogre
 10372 | D:9      | Killed a two-headed ogre
 10451 | D:9      | Gained mutation: You are slightly weak-willed. (Will-) [Ru
                  | sacrifice]
 10451 | D:9      | Reached ** piety under Ru
 10451 | D:9      | Reached *** piety under Ru
 11075 | D:9      | You pick up a book of Touch and begin reading...
 11075 | D:9      | You add the spells Static Discharge, Sticky Flame and
                  | Dispel Undead to your library.
 11157 | D:10     | Entered Level 10 of the Dungeon
 11234 | D:10     | Reached skill level 2 in Slings
 11234 | D:10     | Reached skill level 2 in Shields
 11234 | D:10     | Reached skill level 9 in Unarmed Combat
 11379 | D:10     | Reached skill level 2 in Evocations
 11471 | D:10     | You pick up a book of Minor Magic and begin reading...
 11471 | D:10     | You add the spells Magic Dart, Call Imp and Mephitic Cloud
                  | to your library.
 11494 | D:10     | Found a shimmering blue altar of Sif Muna.
 11794 | D:10     | Noticed a two-headed ogre
 11804 | D:10     | HP: 15/90 [two-headed ogre/+0 giant spiked club (11)]
 11806 | D:10     | Slain by a two-headed ogre

Vanquished Creatures
  A two-headed ogre (D:9)
  Pikel (D:4)
  A troll (D:10)
  A hornet (D:9)
  Sigmund (D:2)
  A centaur simulacrum (D:10)
  5 steam dragons
  3 water moccasins (D:7)
  3 black bears
  2 ice beasts (D:5)
  A sky beast (D:6)
  An ogre (D:5)
  3 centaurs
  4 lemures
  3 kobold brigands
  4 bullfrogs
  2 scorpions
  A necrophage (D:6)
  4 wights (D:6)
  An electric eel (D:6)
  3 howler monkeys (D:8)
  2 hounds
  3 jellies
  3 orc priests
  A gnoll shaman (D:7)
  5 iguanas
  Crazy Yiuf (D:4)
  Natasha (thrice) (D:3)
  10 orc wizards
  5 gnolls (D:7)
  9 adders
  A shadow imp (D:6)
  2 white imps
  2 worms
  2 dart slugs
  34 orcs
  3 ball pythons
  4 bats
  9 endoplasms
  10 goblins
  7 hobgoblins
  6 quokkas
  4 frilled lizards
  18 kobolds
  4 rats (D:1)
194 creatures vanquished.

Vanquished Creatures (others)
  A shadow imp (D:6)
1 creature vanquished.

Grand Total: 195 creatures vanquished

Table legend:
 A = Non-vault XP
 B = Vault XP
 C = Vault XP percentage of total XP
 D = Non-vault monster count
 E = Vault monster count
 F = Vault count percentage of total count
                 A         B        C        D         E       F
            +---------+---------+-------+---------+---------+-------
      Total |    6592 |    1216 |  15.6 |     172 |      19 |   9.9
            +---------+---------+-------+---------+---------+-------
        D:1 |      24 |       3 |  11.1 |      15 |       2 |  11.8
        D:2 |      96 |     231 |  70.6 |      11 |       1 |   8.3
        D:3 |     258 |     110 |  29.9 |      17 |       4 |  19.0
        D:4 |      83 |     700 |  89.4 |      17 |       2 |  10.5
        D:5 |     714 |      23 |   3.1 |      19 |       2 |   9.5
        D:6 |    1049 |     142 |  11.9 |      19 |       4 |  17.4
        D:7 |    1168 |       0 |   0.0 |      20 |       0 |   0.0
        D:8 |     566 |       7 |   1.2 |      27 |       4 |  12.9
        D:9 |    1735 |       0 |   0.0 |      18 |       0 |   0.0
       D:10 |     899 |       0 |   0.0 |       9 |       0 |   0.0
            +---------+---------+-------+---------+---------+-------

Illustrated notes

Table legend:
 A = Kills in this place as a percentage of kills in entire the game.
 B = Kills by you in this place as a percentage of kills by you in the entire game.
 C = Kills by friends in this place as a percentage of kills by friends in the entire game.
 D = Other kills in this place as a percentage of other kills in the entire game.
 E = Experience gained in this place as a percentage of experience gained in the entire game.
 F = Experience gained in this place divided by the number of levels of this place that you have seen.
                   A       B       C       D       E      F
               +-------+-------+-------+-------+-------+----------------------
         Total | 100.0 | 100.0 |   N/A | 100.0 | 100.0 | 709.8
       Dungeon | 100.0 | 100.0 |   N/A | 100.0 | 100.0 | 780.8
               +-------+-------+-------+-------+-------+----------------------

Table legend: (Time is in decaauts)
 A = Elapsed time spent in this place.
 B = Non-inter-level travel time spent in this place.
 C = Inter-level travel time spent in this place.
 D = Time resting spent in this place.
 E = Time spent auto-exploring this place.
 F = Levels seen in this place.
 G = Mean time per level.
                   A        B        C        D        E       F      G
               +--------+--------+--------+--------+--------+-----+--------+
         Total |  11777 |  11346 |    431 |   2136 |   7379 |  11 | 1070.6 |
       Dungeon |  11431 |  11023 |    408 |   2136 |   7089 |  10 | 1143.1 |
        Temple |    345 |    322 |     23 |      0 |    290 |   1 |  345.0 |
               +--------+--------+--------+--------+--------+-----+--------+

Top non-repeatable levels by time:
     D:7: 2180 daAuts
     D:6: 1357 daAuts
     D:4: 1260 daAuts
     D:3: 1236 daAuts
     D:5: 1153 daAuts
     D:2: 1116 daAuts
     D:1: 940 daAuts
     D:9: 936 daAuts
    D:10: 651 daAuts
     D:8: 599 daAuts
  Temple: 345 daAuts
